← All builds
Tech / Armada / Economy first / OBSERVED BUILD

Standard tech

Standard Tech play: rush T2 factory and constructor by ~4:15-4:33, upgrade the first mexes to advanced, and hand off constructors and army to Geo and allies while scaling eco over the game.

Usually first T2 con to Geo (85%)

#eco #t2 #team support · 681 distinct matches · 101 players · 59% of Armada Tech games · team won 53% of 793 · Recently observed

HOW TO PLAY IT

Key timing: T2 lab by 4:15

  1. Take 3 mex, then wind and a Bot Lab to open eco fast.
  2. Push T2 lab out, aim to pass T2 to air player.
  3. Get first T2 constructor building, prioritize mex upgrades over eco.
  4. Finish Advanced Metal Extractor, keep upgrading team's mex.
  5. Add fus and anti-nuke, keep feeding T2 cons and Umbrella/Citadel to team.

Phase by phase

TYPICAL OF ITS 681 GAMES
  1. 1
  2. 2
  3. 3
  4. 4
PLAY THE OPENING

Follow the example game's first 6:00 step by step: what to build now, what comes next, and where it goes. At 1× it keeps pace with your own game.

  1. 1

    Up to the Bot Lab

    Economy
    • Metal Extractor3Mex
    • Wind Turbine4Wind
    Order
    1. Bot LabBot Lab after 3 mex, 4 winddone ~1:18, middle half 1:13–1:32

    Some games also: energy storage (30%)

    By 1:01 in all: 3 mex · 4 wind

    The example game in this phase · 4 steps
    1. Mex ×3
    2. Wind ×4
    3. Energy storage
    4. Bot LabBot Labdone 1:32 · typical 1:18
  2. 2

    Bot Lab to Advanced Bot Lab

    Economy
    • Metal Extractor1Mex
    • Wind Turbine8Wind
    • Energy Storage1Energy storage
    Order
    1. Advanced Bot LabAdvanced Bot Lab after 4 mex, 12 wind, 3 con turretdone ~4:15, middle half 4:04–4:27
    Builders
    • Construction Turret3 Con turret
    • Lazarus3 Lazarus
    • Construction Bot2 Con bot
    • Construction Bot1 Con bot for allies

    Some games also: converter (36%)

    By 3:20 in all: 4 mex · 12 wind · 1 energy storage · 3 con turret

    The example game in this phase · 14 steps
    1. Construction BotCon bot
    2. Construction BotCon botfor Air
    3. Wind
    4. Con turret
    5. Wind
    6. LazarusLazarus
    7. Con turret
    8. Mex
    9. LazarusLazarus
    10. Wind ×4
    11. LazarusLazarus
    12. Wind ×2
    13. Con turret
    14. Advanced Bot LabAdvanced Bot Labdone 4:07 · typical 4:15
  3. 3

    Advanced Bot Lab to 5:00

    Economy
    • Wind Turbine2Wind
    Builders
    • Advanced Construction Bot1 T2 con bot for allies

    Some games also: converter (35%)

    By 5:00 in all: 4 mex · 15 wind · 2 converter · 1 energy storage · 3 con turret

    The example game in this phase · 3 steps
    1. Wind
    2. GunslingerGunslingerfor Ponddone 4:40
    3. Advanced Construction BotT2 con botfor Geo
  4. 4

    5:00 to 10:00

    Economy
    • Wind Turbine43Wind
    • Energy Converter5Converter
    Builders
    • Butler8 Butler
    • Advanced Construction Bot4 T2 con bot for allies
    • Advanced Construction Bot1 T2 con bot

    Some games also: con turret (46%) · Butler for allies (38%)

    By 10:00 in all: 4 mex · 58 wind · 7 converter · 1 energy storage · 3 con turret

    The example game in this phase · 159 steps
    1. Advanced Construction BotT2 con botfor Air
    2. Advanced Metal ExtractorT2 mex ×3done 5:48 · typical 5:28
    3. Advanced Construction BotT2 con botfor Geo sea
    4. Wind
    5. ButlerButler
    6. Wind
    7. Advanced Metal ExtractorT2 mex
    8. Solar
    9. ButlerButler
    10. Solar ×4
    11. Advanced Construction BotT2 con botfor Beach sea
    12. Wind
    13. Solar
    14. Wind
    15. Solar
    16. Wind
    17. Solar
    18. Advanced Construction BotT2 con botfor Pond
    19. Wind ×2
    20. ButlerButlerfor Geo sea
    21. Wind
    22. ButlerButlerfor Geo sea
    23. Wind ×8
    24. ButlerButler
    25. Wind ×2
    26. ButlerButler
    27. Wind ×2
    28. ButlerButler
    29. Wind ×3
    30. ButlerButler
    31. Wind
    32. ButlerButler
    33. Wind ×2
    34. ButlerButler
    35. Wind ×2
    36. ButlerButler
    37. Wind ×3
    38. ButlerButler
    39. Wind ×2
    40. ButlerButler
    41. Wind ×3
    42. Advanced Construction BotT2 con bot
    43. Wind ×16
    44. Converter
    45. Con turret
    46. Wind
    47. CitadelAnti-nukedone 12:21
    48. Wind ×2
    49. GunslingerGunslinger
    50. Wind ×3
    51. Converter
    52. Wind ×4
    53. Converter
    54. Wind ×2
    55. Converter
    56. Wind ×5
    57. Converter
    58. Con turret
    59. Wind ×2
    60. TumbleweedRolling bomb
    61. Wind
    62. Converter
    63. Wind ×2
    64. Con turret
    65. Converter
    66. Con turret
    67. Converter
    68. TumbleweedRolling bomb
    69. Con turret
    70. Converter
    71. TumbleweedRolling bomb
    72. Converter ×2
    73. Metal storage
    74. Converter
    75. TumbleweedRolling bomb
    76. Converter
    77. Con turret
    78. Converter ×2
    79. Con turret
    80. Converter
    81. Con turret
    82. Converter ×2
    83. TumbleweedRolling bomb
    84. Converter
    85. TumbleweedRolling bomb
    86. Converter
    87. TumbleweedRolling bomb
    88. Converter
    89. TumbleweedRolling bomb
    90. Converter
    91. TumbleweedRolling bomb
    92. Wind ×2
    93. Converter
    94. TumbleweedRolling bomb
    95. Wind ×2
    96. Converter
    97. Wind
    98. TumbleweedRolling bomb
    99. Wind ×3
    100. TumbleweedRolling bomb
    101. Converter
    102. Wind ×2
    103. TumbleweedRolling bomb
    104. Wind ×2
    105. Converter
    106. TumbleweedRolling bomb
    107. Wind ×2
    108. Converter
    109. Wind
    110. TumbleweedRolling bomb
    111. Wind ×2
    112. Converter
    113. Wind ×2
    114. TracerTracer
    115. Wind ×2
    116. Converter
    117. Wind ×3
    118. Converter
    119. Wind ×2
    120. Con turret
    121. Wind
    122. Converter
    123. Fusion ReactorFusiondone 14:15
    124. Wind
    125. Con turret
    126. Wind ×3
    127. Converter
    128. Con turret
    129. Wind ×4
    130. Converter
    131. Wind ×2
    132. Converter
    133. Wind ×3
    134. Converter
    135. Wind ×3
    136. Converter
    137. Wind ×3
    138. Converter
    139. Wind ×3
    140. Converter
    141. Wind ×3
    142. Converter
    143. Wind ×2
    144. Fusion ReactorFusion
    145. Wind ×2
    146. Converter
    147. Wind ×2
    148. Converter
    149. Wind ×4
    150. Converter
    151. Wind ×2
    152. Converter
    153. Wind ×3
    154. Converter
    155. Wind ×3
    156. Converter
    157. Wind ×2
    158. Converter
    159. Wind ×2

Counts are medians over the build's games: half of them build more, half fewer. The example game is Amrissa's (38 OS, 22/09/2026); pick another.

Team trades

IN AT LEAST 30% OF ITS GAMES

You hand over

  • Construction Bot1 Con bot to Airfirst at 2:22 · in 88% of games
  • Advanced Construction Bot5 T2 con bot to Air or Pond or Geo seafirst at 4:46 · in 99% of games
  • Sharpshooter2 Sniper bot to Pondfirst at 5:23 · in 33% of games
  • Butler2 Butler to Geo sea or Beach sea or Pondfirst at 9:03 · in 42% of games

You get

  • Hercules1 Light transport from Airfirst at 3:59 · in 85% of games

How it plays out

Typical game of this build, running totals by minute

Metal produced

020k40k
0:005:0010:0015:00

metal

Enemy metal destroyed

0200400
0:005:0010:0015:00

metal

Own metal lost

0100200300
0:005:0010:0015:00

metal

793 games.

Show as table
ByMetal produced: This buildEnemy metal destroyed: This buildOwn metal lost: This build
1:0038300
2:0091500
3:00163500
4:00314800
5:00486300
6:00580700
7:00722000
8:00906100
9:001124700
10:001355300
11:001634200
12:001985000
13:002364400
14:0027360125130
15:0031473385260
WHAT THE NUMBERS SAY

This is the role's baseline and wins slightly more than half its games with a huge metal lead but almost no kills, showing its value is economic not combat.

  • + Produces 31389 metal by 15:00, far above other roles.
  • + Reaches T2 lab and constructor by 4:15-4:33 almost every game.
  • − Barely destroys any enemy metal (400 by 15:00), no combat presence.
  • − Fusion Reactor and anti-nuke only land in 44% of games.
THE EXAMPLE YOU ARE READING

Amrissa

38.3 OS · 22/09/2026

Open source match ↗

3 received units
3205 metal received · 44100 energy received

Allied construction assistance is unknown. Timings are observations, not a promise of solo reproducibility.

Typical milestones

Bot Lab1:18Middle 50%: 1:13–1:32 · n=793
Advanced Bot Lab4:15Middle 50%: 4:04–4:27 · n=787
Advanced Metal Extractor5:28Middle 50%: 5:06–5:58 · n=791

Played most by

Amrissa100games of this buildSyphos34games of this buildKOT_33games of this buildTeaner28games of this buildAdeus26games of this build